| TOP OF THE 1ST |
|
Cedar Rapids Cardinals batting - Pitching for Decatur Commodores : RHP Rafael Vasquez
|
|
Pitching: RHP Rafael Vasquez
|
|
|
Batting: RHB Nehames Bernstine
|
0-0: Ball 1-0: Swinging Strike 1-1: Ball 2-1: Foul Ball, location: 2F 2-2: Foul Ball, location: 2F 2-2: Fly out, F8 (Flyball, 78XD, EV 86.9 MPH)
|
|
Batting: RHB Reggie D Williams
|
0-0: Called Strike 0-1: Ball 1-1: Fly out, F9 (Flyball, 89M, EV 94.4 MPH)
|
|
Batting: LHB Robert O'Leath
|
0-0: Called Strike 0-1: Ball 1-1: Foul Ball, location: 2F 1-2: Foul Ball, location: 2F 1-2: Foul Ball, location: 2F 1-2: Ball 2-2: Strikes out swinging
|
| Top of the 1st over - 0 runs, 0 hits, 0 errors, 0 left on base; Cedar Rapids 0 - Decatur 0 |
| BOTTOM OF THE 1ST |
|
Decatur Commodores batting - Pitching for Cedar Rapids Cardinals : RHP Scott Pyle
|
|
Pitching: RHP Scott Pyle
|
|
|
Batting: LHB Alexis Marte
|
0-0: Ground out 6-3 (Groundball, 56, EV 110.6 MPH)
|
|
Batting: SHB Roger Holt
|
0-0: Ball 1-0: Foul Ball, location: 2F 1-1: Ball 2-1: Ground out 2-3 (Groundball, 2L, EV 69.4 MPH)
|
|
Batting: SHB Daniel Wieser
|
0-0: Swinging Strike 0-1: Swinging Strike 0-2: Foul Ball, location: 2F 0-2: Strikes out swinging
|
| Bottom of the 1st over - 0 runs, 0 hits, 0 errors, 0 left on base; Cedar Rapids 0 - Decatur 0 |
| TOP OF THE 2ND |
|
Cedar Rapids Cardinals batting - Pitching for Decatur Commodores : RHP Rafael Vasquez
|
|
Batting: RHB Ronald Grout
|
0-0: Foul Ball, location: 2F 0-1: Called Strike 0-2: Foul Ball, location: 2F 0-2: Foul Ball, location: 2F 0-2: Ball 1-2: Ball 2-2: Strikes out swinging
|
|
Batting: RHB Winston Ficklin
|
0-0: Called Strike 0-1: Foul Ball, location: 2F 0-2: Ball 1-2: Ball 2-2: DOUBLE (Line Drive, 89M, EV 103.8 MPH)
|
|
Batting: RHB Mark Poole
|
0-0: Ball 1-0: Ball 2-0: Called Strike 2-1: Ball 3-1: Swinging Strike 3-2: Fly out, F8 (Flyball, 89M, EV 72.5 MPH)
|
|
Batting: SHB Bryan Hoppie
|
0-0: Ball 1-0: Swinging Strike 1-1: Fly out, F8 (Flyball, 8LS, EV 78.1 MPH)
|
| Top of the 2nd over - 0 runs, 1 hit, 0 errors, 1 left on base; Cedar Rapids 0 - Decatur 0 |
| BOTTOM OF THE 2ND |
|
Decatur Commodores batting - Pitching for Cedar Rapids Cardinals : RHP Scott Pyle
|
|
Batting: LHB David Showalter
|
0-0: Ball 1-0: Ball 2-0: Foul Ball, location: 2F 2-1: Fly out, F9 (Flyball, 9D, EV 99.4 MPH)
|
|
Batting: SHB Rondin Johnson
|
0-0: Called Strike 0-1: Fly out, F8 (Flyball, 8RD, EV 93.8 MPH)
|
|
Batting: LHB Jerry Miller
|
0-0: Swinging Strike 0-1: Ball 1-1: Ball 2-1: Ground out 5-3 (Groundball, 25, EV 78.1 MPH)
|
| Bottom of the 2nd over - 0 runs, 0 hits, 0 errors, 0 left on base; Cedar Rapids 0 - Decatur 0 |
| TOP OF THE 3RD |
|
Cedar Rapids Cardinals batting - Pitching for Decatur Commodores : RHP Rafael Vasquez
|
|
Batting: RHB Dean Kornacker
|
0-0: Swinging Strike 0-1: Ball 1-1: Called Strike 1-2: Ball 2-2: Strikes out swinging
|
|
Batting: SHB Duane Johnson
|
0-0: Ball 1-0: Ball 2-0: Ball 3-0: Called Strike 3-1: Called Strike 3-2: Ground out U3 (Groundball, 13, EV 91.9 MPH)
|
|
Batting: RHB Nehames Bernstine
|
0-0: Ground out 6-3 (Groundball, 6, EV 108.1 MPH)
|
| Top of the 3rd over - 0 runs, 0 hits, 0 errors, 0 left on base; Cedar Rapids 0 - Decatur 0 |
| BOTTOM OF THE 3RD |
|
Decatur Commodores batting - Pitching for Cedar Rapids Cardinals : RHP Scott Pyle
|
|
Batting: RHB Clifton Wilder
|
0-0: Ball 1-0: SINGLE (Groundball, 3D, EV 100.6 MPH)
|
|
Batting: LHB Samuel Taves
|
0-0: Called Strike 0-1: Ball 1-1: DOUBLE (Groundball, 3L, EV 108.1 MPH) Clifton Wilder to third
|
|
Batting: RHB Michael Melton
|
0-0: Called Strike 0-1: Ball 1-1: Foul Ball, location: 2F 1-2: Ball 2-2: Ball 3-2: Ground out 6-3 (Groundball, 6S, EV 86.9 MPH) Clifton Wilder scores
|
|
Batting: LHB Alexis Marte
|
0-0: Ball 1-0: Ground out 5-3 (Groundball, 5L, EV 106.3 MPH)
|
|
Batting: SHB Roger Holt
|
0-0: Ball 1-0: Foul Ball, location: 2F 1-1: Ball 2-1: Called Strike 2-2: Fly out, F9 (Flyball, 9D, EV 92.5 MPH)
|
| Bottom of the 3rd over - 1 run, 2 hits, 0 errors, 1 left on base; Cedar Rapids 0 - Decatur 1 |
| TOP OF THE 4TH |
|
Cedar Rapids Cardinals batting - Pitching for Decatur Commodores : RHP Rafael Vasquez
|
|
Batting: RHB Reggie D Williams
|
0-0: Foul Ball, location: 2F 0-1: Ground out 4-3 (Groundball, 4S, EV 70.0 MPH)
|
|
Batting: LHB Robert O'Leath
|
0-0: Foul Ball, location: 2F 0-1: Foul Ball, location: 2F 0-2: Ball 1-2: Ball 2-2: Foul Ball, location: 2F 2-2: Fly out, F7 (Flyball, 78M, EV 88.1 MPH)
|
|
Batting: RHB Ronald Grout
|
0-0: Fly out, F8 (Flyball, 8LS, EV 82.5 MPH)
|
| Top of the 4th over - 0 runs, 0 hits, 0 errors, 0 left on base; Cedar Rapids 0 - Decatur 1 |
| BOTTOM OF THE 4TH |
|
Decatur Commodores batting - Pitching for Cedar Rapids Cardinals : RHP Scott Pyle
|
|
Batting: SHB Daniel Wieser
|
0-0: Ball 1-0: Swinging Strike 1-1: Ball 2-1: Ground out 4-3 (Groundball, 4, EV 78.8 MPH)
|
|
Batting: LHB David Showalter
|
0-0: Called Strike 0-1: Ball 1-1: Swinging Strike 1-2: Ball 2-2: Ball 3-2: Base on Balls
|
|
Batting: SHB Rondin Johnson
|
0-0: Ball 1-0: Foul Ball, location: 2F 1-1: Swinging Strike 1-2: Foul Ball, location: 2F 1-2: Fly out, F9 (Flyball, 89D, EV 93.1 MPH)
|
|
Batting: LHB Jerry Miller
|
0-0: Called Strike 0-1: Called Strike 0-2: Ball 1-2: Ball 2-2: Ground out 5-3 (Groundball, 56S, EV 85.0 MPH)
|
| Bottom of the 4th over - 0 runs, 0 hits, 0 errors, 1 left on base; Cedar Rapids 0 - Decatur 1 |
| TOP OF THE 5TH |
|
Cedar Rapids Cardinals batting - Pitching for Decatur Commodores : RHP Rafael Vasquez
|
|
Batting: RHB Winston Ficklin
|
0-0: Foul Ball, location: 2F 0-1: Called Strike 0-2: Ball 1-2: Ball 2-2: Foul Ball, location: 2F 2-2: Foul Ball, location: 2F 2-2: Ball 3-2: Strikes out swinging
|
|
Batting: RHB Mark Poole
|
0-0: Ball 1-0: Foul Ball, location: 2F 1-1: Called Strike 1-2: Ground out U3 (Groundball, 3, EV 86.9 MPH)
|
|
Batting: SHB Bryan Hoppie
|
0-0: Ball 1-0: Foul Ball, location: 2F 1-1: Ball 2-1: Swinging Strike 2-2: Ground out 6-3 (Groundball, 6S, EV 73.1 MPH)
|
| Top of the 5th over - 0 runs, 0 hits, 0 errors, 0 left on base; Cedar Rapids 0 - Decatur 1 |
| BOTTOM OF THE 5TH |
|
Decatur Commodores batting - Pitching for Cedar Rapids Cardinals : RHP Scott Pyle
|
|
Batting: RHB Clifton Wilder
|
0-0: Foul Ball, location: 2F 0-1: Ball 1-1: Ball 2-1: Foul Ball, location: 2F 2-2: Ground out 5-3 (Groundball, 5L, EV 103.1 MPH)
|
|
Batting: LHB Samuel Taves
|
0-0: Called Strike 0-1: Fly out, F7 (Line Drive, 7, EV 98.8 MPH)
|
|
Batting: RHB Michael Melton
|
0-0: Called Strike 0-1: Ball 1-1: Ground out 3-1 (Groundball, 34, EV 100.0 MPH)
|
| Bottom of the 5th over - 0 runs, 0 hits, 0 errors, 0 left on base; Cedar Rapids 0 - Decatur 1 |
| TOP OF THE 6TH |
|
Cedar Rapids Cardinals batting - Pitching for Decatur Commodores : RHP Rafael Vasquez
|
|
Batting: RHB Dean Kornacker
|
0-0: Called Strike 0-1: Ball 1-1: Ball 2-1: Fly out, F9 (Flyball, 89S, EV 82.5 MPH)
|
|
Batting: SHB Duane Johnson
|
0-0: Foul Ball, location: 2F 0-1: Foul Ball, location: 2F 0-2: Ground out U3 (Groundball, 3, EV 105.0 MPH)
|
|
Batting: RHB Nehames Bernstine
|
0-0: Foul Ball, location: 2F 0-1: Foul Ball, location: 2F 0-2: Strikes out swinging
|
| Top of the 6th over - 0 runs, 0 hits, 0 errors, 0 left on base; Cedar Rapids 0 - Decatur 1 |
| BOTTOM OF THE 6TH |
|
Decatur Commodores batting - Pitching for Cedar Rapids Cardinals : RHP Scott Pyle
|
|
Batting: LHB Alexis Marte
|
0-0: Called Strike 0-1: Ball 1-1: Ball 2-1: Swinging Strike 2-2: Ground out U3 (Groundball, 34, EV 81.9 MPH)
|
|
Batting: SHB Roger Holt
|
0-0: Swinging Strike 0-1: Foul Ball, location: 2F 0-2: Foul Ball, location: 2F 0-2: Ball 1-2: Fly out, F8 (Flyball, 8LS, EV 83.8 MPH)
|
|
Batting: SHB Daniel Wieser
|
0-0: Ball 1-0: Foul Ball, location: 2F 1-1: Fly out, F6 (Popup, 6M, EV 58.8 MPH)
|
| Bottom of the 6th over - 0 runs, 0 hits, 0 errors, 0 left on base; Cedar Rapids 0 - Decatur 1 |
| TOP OF THE 7TH |
|
Cedar Rapids Cardinals batting - Pitching for Decatur Commodores : RHP Rafael Vasquez
|
|
Batting: RHB Reggie D Williams
|
0-0: Ball 1-0: Fly out, F9 (Line Drive, 9D, EV 92.5 MPH)
|
|
Batting: LHB Robert O'Leath
|
0-0: DOUBLE (Line Drive, 89M, EV 105.6 MPH)
|
|
Batting: RHB Ronald Grout
|
0-0: Ball 1-0: Ball 2-0: Foul Ball, location: 2F 2-1: Swinging Strike 2-2: Strikes out looking
|
|
Pitching: RHP Peyton Mosher
|
|
|
Batting: RHB Winston Ficklin
|
0-0: Called Strike 0-1: Fly out, F8 (Flyball, 8RD, EV 103.1 MPH)
|
| Top of the 7th over - 0 runs, 1 hit, 0 errors, 1 left on base; Cedar Rapids 0 - Decatur 1 |
| BOTTOM OF THE 7TH |
|
Decatur Commodores batting - Pitching for Cedar Rapids Cardinals : RHP Scott Pyle
|
|
Batting: LHB David Showalter
|
0-0: Ball 1-0: Foul Ball, location: 2F 1-1: Ball 2-1: Ball 3-1: Base on Balls
|
|
Batting: SHB Rondin Johnson
|
0-0: Called Strike 0-1: Ball 1-1: Grounds into double play, 4-6-3 (Groundball, 4, EV 86.9 MPH)
|
|
Batting: LHB Jerry Miller
|
0-0: TRIPLE (Groundball, 5L, EV 100.6 MPH)
|
|
Batting: RHB Clifton Wilder
|
0-0: SINGLE (Groundball, 4MD, EV 97.5 MPH) Jerry Miller scores
|
|
Batting: LHB Samuel Taves
|
0-0: Ball 1-0: Ball 2-0: Foul Ball, location: 2F 2-1: Ball 3-1: SINGLE (Groundball, 4MD, EV 101.9 MPH) Clifton Wilder to second Runner from 2nd tries for 3rd, SAFE, no throw by CF
|
|
Batting: RHB Michael Melton
|
0-0: Called Strike 0-1: Ball 1-1: Ground out 4-3 (Groundball, 4, EV 90.0 MPH)
|
| Bottom of the 7th over - 1 run, 3 hits, 0 errors, 2 left on base; Cedar Rapids 0 - Decatur 2 |
| TOP OF THE 8TH |
|
Cedar Rapids Cardinals batting - Pitching for Decatur Commodores : RHP Peyton Mosher
|
|
Batting: RHB Mark Poole
|
0-0: Called Strike 0-1: Ball 1-1: Called Strike 1-2: Fly out, F9 (Flyball, 89D, EV 98.1 MPH)
|
|
Batting: SHB Bryan Hoppie
|
0-0: Foul Ball, location: 2F 0-1: Swinging Strike 0-2: Ball 1-2: Ball 2-2: Strikes out looking
|
|
Batting: RHB Dean Kornacker
|
0-0: Fly out, F7 (Line Drive, 7, EV 103.8 MPH)
|
| Top of the 8th over - 0 runs, 0 hits, 0 errors, 0 left on base; Cedar Rapids 0 - Decatur 2 |
| BOTTOM OF THE 8TH |
|
Decatur Commodores batting - Pitching for Cedar Rapids Cardinals : RHP Scott Pyle
|
|
Batting: LHB Alexis Marte
|
0-0: Foul Ball, location: 2F 0-1: Ball 1-1: SINGLE (Flyball, 78S, EV 93.8 MPH)
|
|
Batting: SHB Roger Holt
|
0-0: Bunted foul 0-1: Ball 1-1: Ball 2-1: Bunt missed! 2-2: Ball 3-2: Grounds into double play, 4-6-3 (Groundball, 34, EV 98.8 MPH)
|
|
Batting: SHB Daniel Wieser
|
0-0: Fly out, F4 (Line Drive, 4, EV 73.8 MPH)
|
| Bottom of the 8th over - 0 runs, 1 hit, 0 errors, 0 left on base; Cedar Rapids 0 - Decatur 2 |
| TOP OF THE 9TH |
|
Cedar Rapids Cardinals batting - Pitching for Decatur Commodores : RHP Peyton Mosher
|
|
Pitching: RHP Luis Guzman
|
|
|
Batting: SHB Duane Johnson
|
0-0: Called Strike 0-1: Ball 1-1: Ball 2-1: Foul Ball, location: 2F 2-2: Fly out, F7 (Flyball, 7, EV 77.5 MPH)
|
|
Batting: RHB Nehames Bernstine
|
0-0: Called Strike 0-1: Swinging Strike 0-2: Foul Ball, location: 2F 0-2: Strikes out swinging
|
|
Batting: RHB Reggie D Williams
|
0-0: Ball 1-0: Swinging Strike 1-1: Ball 2-1: Fly out, F9 (Flyball, 89S, EV 88.1 MPH)
|
| Top of the 9th over - 0 runs, 0 hits, 0 errors, 0 left on base; Cedar Rapids 0 - Decatur 2 |
|